 Dungeon Crawl Stone Soup version 0.28.0-45-g0d030f2227 (webtiles) character file.

Game seed: 1676112294486677028

1018 gohu the Cleaver (level 8, -2/66 (71) HPs)
             Began as a Hill Orc Fighter on May 22, 2022.
             Was an Initiate of Okawaru.
             Slain by a wight
             ... wielding a +2 flail
              (11 damage)
             ... on level 5 of the Dungeon.
             The game lasted 00:15:46 (6510 turns).

gohu the Cleaver (Hill Orc Fighter)                 Turns: 6510, Time: 00:15:47

HP:   -2/66 (71)    AC: 11    Str: 21    XL:     8   Next: 22%
MP:   8/8           EV:  7    Int:  8    God:    Okawaru [......]
Gold: 67            SH:  4    Dex: 10    Spells: 7/7 levels left

rFire   . . .      SeeInvis .   a - +0 war axe
rCold   . . .      Faith    .   c - +0 buckler
rNeg    . . .      Spirit   .   m - +0 chain mail
rPois   .          Reflect  .   (no helmet)
rElec   .          Harm     .   (no cloak)
rCorr   .          Rampage  .   (no gloves)
Will    .....                   h - +0 pair of boots
Stlth   ..........              (no amulet)
HPRegen 0.21/turn               (no ring)
MPRegen 0.11/turn               (no ring)

@: drained
A: no striking features
a: Renounce Religion


You were on level 5 of the Dungeon.
You worshipped Okawaru.
Okawaru was noncommittal.
You visited 2 branches of the dungeon, and saw 6 of its levels.

You collected 153 gold pieces.
You spent 86 gold pieces at shops.

Inventory:

Hand Weapons
 a - a +0 war axe (weapon)
Armour
 b - a +0 scale mail
 c - a +0 buckler (worn)
 h - a +0 pair of boots (worn)
 m - a +0 chain mail (worn)
Jewellery
 d - an amulet of guardian spirit
Scrolls
 e - a scroll of teleportation
 g - 4 scrolls of identify
 j - a scroll of immolation {unknown}
 l - a scroll of blinking {unknown}
Potions
 f - 2 potions of degeneration
 i - a potion of brilliance
 k - a potion of curing


   Skills:
 * Level 6.3 Fighting
 * Level 9.6 Axes
 + Level 5.6 Armour
 - Level 3.2 Shields
 + Level 0.2 Evocations


You had 7 spell levels left.
You didn't know any spells.
Your spell library was empty.

Dungeon Overview and Level Annotations

Branches:
Dungeon (5/15)             Temple (1/1) D:4

Altars:
Ashenzari
Cheibriados
Dithmenos
Elyvilon
Fedhas
Gozag
Hepliaklqana
Kikubaaqudgha
Makhleb
Nemelex Xobeh
Okawaru
Qazlal
Ru
Sif Muna
Trog
Vehumet
Wu Jian
Xom
Zin
The Shining One

Shops:
D:3 ?*?

Annotations:
D:3 Edmund
D:4 3 runed translucent doors, Glaciallarry's ghost, amateur NaVM


Message History

You hit the wight.
The wight is moderately damaged.
The wight barely misses you.
You barely miss the wight.
The wight is moderately damaged.
You block the wight's attack.
You hit the wight but do no damage.
The wight is moderately damaged.
The wight hits you with a +3 falchion of freezing.
The wight freezes you.
You hit the wight but do no damage.
The wight is moderately damaged.
The wight hits you with a +3 falchion of freezing!
You feel drained. The wight freezes you.
You barely miss the wight.
The wight is moderately damaged.
You hit the wight. The wight hits you with a +2 flail.
The wight hits you with a +3 falchion of freezing.
The wight freezes you.
You barely miss the wight.
The wight is moderately damaged.
You hit the wight. The wight hits you but does no damage.
The wight hits you with a +3 falchion of freezing!
The wight freezes you.
You closely miss the wight.
The wight is heavily damaged.
You barely miss the wight. The wight completely misses you.
The wight hits you but does no damage. The wight hits you with a +2 flail.
You closely miss the wight.
The wight is heavily damaged.
You barely miss the wight.
The wight hits you with a +3 falchion of freezing!
You feel drained. The wight freezes you. The wight hits you but does no damage.
You are too injured to fight recklessly!
The wight hits you with a +3 falchion of freezing!
* * * LOW HITPOINT WARNING * * *
The wight freezes you.
* * * LOW HITPOINT WARNING * * *
The wight hits you with a +2 flail!
You die...

,,,,,,,,,,*,,*,+......#*,,...*
*,*,,,***.#..**#......#*,....*
*,,,,,,,,....###..##..##.....*
,,,,,,,,,=...........>.......*
,,**,,*,*.....##..##..##.###.****
,,,,,,,,,...................,,,,,
*,**,**,*.............##.###,****
*,,,,,,,,.....$.zz........?,,,,,,
*,,,,,,,,.......@......z....,,,,,
...#.,..............#.#..##*,****
#..#.,.....#.#.##...#.#..# *,* **
#....##.##.#,#.,.........# *,* *,
.........#.#..,.......#.,#**,* **
...........(..,..........,**,****
#.*#......##.**##.#.###.,,**,,,,,
..##......##.****.#.#**,,,*******
...#......##,,,,,,,,,,,,,,,,,,,,,


You could see 3 wights.

Vanquished Creatures
  A hornet zombie (D:4)
  2 ogres
  A black bear (D:5)
  3 scorpions
  A wight (D:4)
  A centaur zombie (D:4)
  A bullfrog zombie (D:5)
  A gnoll shaman (D:2)
  A centaur skeleton (D:4)
  A hound (D:4)
  A bullfrog skeleton (D:5)
  An orc wizard (D:4)
  5 adders
  8 gnolls
  An ufetubus (D:4)
  3 worms
  4 dart slugs
  10 orcs
  7 ball pythons
  9 bats
  10 endoplasms
  4 giant cockroaches
  8 goblins
  2 hobgoblins
  A jackal (D:1)
  A quokka (D:1)
  6 frilled lizards
  9 kobolds
  8 rats
111 creatures vanquished.

Vanquished Creatures (others)
  4 fungi (D:2)
  6 plants (D:2)
10 creatures vanquished.

Grand Total: 121 creatures vanquished

Notes
Turn   | Place    | Note
-------+----------+-------------------------------------------
     0 | D:1      | gohu the Hill Orc Fighter began the quest for the Orb.
     0 | D:1      | Reached XP level 1. HP: 19/19 MP: 1/1
   207 | D:1      | Reached XP level 2. HP: 27/27 MP: 2/2
   213 | D:1      | Reached skill level 3 in Axes
   376 | D:1      | Reached XP level 3. HP: 33/33 MP: 3/3
  1138 | D:2      | Reached skill level 4 in Axes
  1328 | D:2      | Reached XP level 4. HP: 41/41 MP: 4/4
  1332 | D:2      | Found a faded altar of an unknown god.
  2136 | D:3      | You fall into a shaft and drop 2 floors!
  2136 | D:5      | Entered Level 5 of the Dungeon
  2156 | D:4      | Reached skill level 5 in Axes
  2156 | D:4      | Reached XP level 5. HP: 37/47 MP: 5/5
  2166 | D:4      | Noticed a water moccasin
  2168 | D:4      | Noticed Glaciallarry's ghost (amateur NaVM)
  2199 | D:4      | HP: 2/47 [hornet zombie (5)]
  2202 | D:4      | Reached skill level 6 in Axes
  2468 | D:4      | Reached XP level 6. HP: 47/55 MP: 6/6
  2494 | D:4      | Noticed Edmund
  2558 | D:3      | Found Teckytz's Magic Scroll Shop.
  2566 | D:3      | HP: 1/55 [goblin/stone (2)]
  2590 | D:2      | Reached skill level 5 in Fighting
  3336 | D:3      | Found Patiutal's Magic Scroll Emporium.
  3355 | D:3      | Bought a scroll of identify for 22 gold pieces
  3355 | D:3      | Bought a scroll of identify for 22 gold pieces
  3374 | D:3      | Reached skill level 7 in Axes
  3455 | D:3      | Found Wiwe's General Store.
  3935 | D:4      | Paralysed by a kobold for 6 turns
  3957 | D:4      | Found a runed translucent gate.
  3958 | D:4      | Found a runed translucent gate.
  3965 | D:4      | Found a runed translucent gate.
  4316 | D:4      | Reached XP level 7. HP: 45/61 MP: 7/7
  4448 | D:4      | Reached skill level 8 in Axes
  4847 | D:4      | Reached skill level 5 in Armour
  5422 | D:4      | Found a stormy altar of Qazlal.
  5506 | D:4      | Found a staircase to the Ecumenical Temple.
  5515 | Temple   | Entered the Ecumenical Temple
  5821 | Temple   | Became a worshipper of Warmaster Okawaru
  5954 | D:3      | Bought a scroll of magic mapping for 42 gold pieces
  6091 | D:5      | Reached skill level 9 in Axes
  6091 | D:5      | Reached XP level 8. HP: 59/70 MP: 8/8
  6510 | D:5      | Slain by a wight

Illustrated notes

Levels and vault maps discovered:
D:1:      giann_forest_graveyard, layout_rooms, serial_corexii_hall,
          corexii_hall_statues_deadend, corexii_hall_statues_s,
          chequers_hall_statues_wall_a, minmay_pentomino_w4
D:2:      minmay_evil_eye, layout_loops_ring,
          shapermc_ecumenical_altar_mp_ritualfount, serial_aquarium,
          aquarium_bridge_straight [aquarium_subvault_bridge,
          aquarium_subvault_balcony, aquarium_subvault_bridge,
          aquarium_subvault_window], aquarium_window_corner,
          aquarium_window_fake, aquarium_window_fake, aquarium_window_fake,
          aquarium_view_2c, aquarium_view_2a, aquarium_balcony_3b,
          aquarium_pool_corner, kennysheep_generic_room_7
D:3:      layout_basic, serial_shops, nicolae_shop_advertising_works
          [nicolae_subvault_shop_adworks], nicolae_lakefront_shop,
          nicolae_shop_hallway_plus, serial_glass, glass_columns_a,
          glass_columns_a, glass_columns_b, glass_columns_a
D:4:      layout_loops_ring, mainiacjoe_overflow_alcove_1,
          lemuel_temple_firewalk_b, gammafunk_ghost_split, uniq_edmund
D:5:      layout_basic, enter_ossuary_1, uniq_grinder, uniq_crazy_yiuf_cottage
Temple:   mainiacjoe_temple_big_plus

Skill      XL: |  1  2  3  4  5  6  7  8 |
---------------+-------------------------+-----
Fighting       | 4 5 6 |  6.3
Axes           | 3 4 5 6 7 9 |  9.6
Armour         | 4 5 |  5.6
Shields        | |  3.2
Evocations     | |  0.2

Action                   |  1- 3 |  4- 6 |  7- 9 || total
-------------------------+-------+-------+-------++-------
Melee: War axe           |   100 |   187 |    97 ||   384
Evoke: Wand              |       |       |     2 ||     2
  Use: Potion            |       |     5 |       ||     5
       Scroll            |       |     3 |     2 ||     5
Armor: Scale mail        |    44 |   131 |    27 ||   202
       Chain mail        |       |       |     6 ||     6
Dodge: Dodged            |    49 |   141 |    42 ||   232
Block: Buckler           |    17 |    63 |    17 ||    97
